 Dungeon Crawl Stone Soup version 0.29-a0-350-g7790a0e70a (webtiles) character file.

Game seed: 10345919841787695110

37 pascalblue the Magician (level 3, -1/19 HPs)
             Began as a Deep Elf Hedge Wizard on Apr 22, 2022.
             Slain by a worm (11 damage)
             ... on level 2 of the Dungeon.
             The game lasted 00:03:00 (1643 turns).

pascalblue the Magician (Deep Elf Hedge Wizard)     Turns: 1643, Time: 00:03:01

Health: -1/19      AC:  2    Str:  7    XL:     3   Next: 23%
Magic:  3/11       EV: 12    Int: 20    God:
Gold:   74         SH:  0    Dex: 14    Spells: 10/11 levels left

rFire   . . .      SeeInvis .   m - staff of earth
rCold   . . .      Faith    .   (no shield)
rNeg    . . .      Spirit   .   b - +0 robe
rPois   .          Reflect  .   c - +0 hat
rElec   .          Harm     .   (no cloak)
rCorr   .          Rampage  .   (no gloves)
Will    .....                   (no boots)
Stlth   ++........              (no amulet)
HPRegen 0.06/turn               (no ring)
MPRegen 0.12/turn               (no ring)

@: no status effects
A: no striking features
a: no special abilities


You were on level 2 of the Dungeon.
You visited 1 branch of the dungeon, and saw 2 of its levels.

You collected 74 gold pieces.

Inventory:

Hand Weapons
 a - a +0 dagger
 h - a +0 short sword
Missiles
 i - 75 stones
Armour
 b - a +0 robe (worn)
 c - a +0 hat (worn)
Magical Staves
 m - a staff of earth (weapon)
Jewellery
 j - a ring of magical power
Scrolls
 e - 2 scrolls of identify {unknown}
 f - a scroll of fog {unknown}
 l - a scroll of enchant weapon {unknown}
 p - a scroll of amnesia {unknown}
Potions
 d - a potion of magic
 g - a potion of might {unknown}
 k - a potion of heal wounds {unknown}
 n - a potion of curing {unknown}
 o - a potion of cancellation {unknown}


   Skills:
 - Level 2.4 Dodging
 - Level 2.4 Stealth
 + Level 4.7 Spellcasting
 * Level 2.3 Conjurations
 + Level 1.9 Summonings
 + Level 1.8 Translocations


You had 10 spell levels left.
You knew the following spells:

 Your Spells              Type           Power      Damage    Failure   Level
a - Magic Dart            Conj           56%        1d5       4%          1

Your spell library contained the following spells:

 Spells                   Type           Power      Damage    Failure   Level
 Blink                    Tloc           24%        N/A       9%          2
 Call Imp                 Summ           12%        N/A       9%          2
 Pain                     Necr           16%        1d4       12%         1
 Sandblast                Erth           14%        2d6       12%         1
 Slow                     Hex            16%        N/A       12%         1
 Passwall                 Tmut/Erth      5%         N/A       19%         2
 Conjure Flame            Conj/Fire      9%         6-21      22%         3
 Stone Arrow              Conj/Erth      28%        3d8       22%         3
 Mephitic Cloud           Conj/Pois/Air  7%         N/A       26%         3
 Agony                    Necr           4%         N/A       97%         5
 Excruciating Wounds      Necr           2%         N/A       97%         5


Dungeon Overview and Level Annotations

Branches:
Dungeon (2/15)

Altars:


Message History

The worm is heavily wounded.
Casting: Magic Dart (safe; 4% risk of failure)
Confirm with . or Enter, or press ? or * to list all spells.
Aiming: Magic Dart (safe; 4% risk of failure)
Press: ? - help, Shift-Dir - straight line, f/p - worm
Aim: a worm (heavily wounded, 100% to hit)
The magic dart hits the worm.
The worm is severely wounded.
Casting: Magic Dart (safe; 4% risk of failure)
Confirm with . or Enter, or press ? or * to list all spells.
Aiming: Magic Dart (safe; 4% risk of failure)
Press: ? - help, Shift-Dir - straight line, f/p - worm
Aim: a worm (severely wounded, 100% to hit)
The magic dart hits the worm.
The worm is severely wounded.
Casting: Magic Dart (safe; 4% risk of failure)
Confirm with . or Enter, or press ? or * to list all spells.
Aiming: Magic Dart (safe; 4% risk of failure)
Press: ? - help, Shift-Dir - straight line, f/p - worm
Aim: a worm (severely wounded, 100% to hit)
The magic dart hits the worm.
The worm is severely wounded.
The worm bites you!
Casting: Magic Dart (safe; 4% risk of failure)
Confirm with . or Enter, or press ? or * to list all spells.
Aiming: Magic Dart (safe; 4% risk of failure)
Press: ? - help, Shift-Dir - straight line, f/p - worm
Aim: a worm (severely wounded, 100% to hit)
The magic dart hits the worm.
The worm is severely wounded.
Casting: Magic Dart (safe; 4% risk of failure)
Confirm with . or Enter, or press ? or * to list all spells.
Aiming: Magic Dart (safe; 4% risk of failure)
Press: ? - help, Shift-Dir - straight line, f/p - worm
Aim: a worm (severely wounded, 100% to hit)
The magic dart hits the worm.
The worm is almost dead.
The worm bites you!
Ouch! That really hurt!
You die...

. .# .# .# .# ######
)# #....#### .#
######.......# .#
........!....#
.#####.# ##w@....#
.......# ##...###.#
..###### ####..#..#
.†###### #........#
.......###........#
..#...............#
........#..........#
.##..............#.#
###..............#.#


You could see a worm.

Vanquished Creatures
  2 adders (D:2)
  3 bats
  An endoplasm (D:1)
  3 giant cockroaches
  A quokka (D:1)
  4 ball pythons
  2 frilled lizards (D:1)
  2 kobolds (D:1)
  4 rats
22 creatures vanquished.

Notes
Turn   | Place    | Note
-------+----------+-------------------------------------------
     0 | D:1      | pascalblue the Deep Elf Hedge Wizard began the quest for
                  | the Orb.
     0 | D:1      | Reached XP level 1. HP: 10/10 MP: 7/7
   123 | D:1      | Found a faded altar of an unknown god.
   568 | D:1      | Reached XP level 2. HP: 15/15 MP: 7/9
  1549 | D:2      | Reached XP level 3. HP: 19/19 MP: 8/11
  1643 | D:2      | Slain by a worm

Illustrated notes

Levels and vault maps discovered:
D:1:      dpeg_arrival_round_c, layout_basic, ebering_ecumenical_altar_box
D:2:      layout_rooms, dreamdust_princess_corridor, minmay_split_cup_large,
          uniq_terence

Skill      XL: |  1  2 |
---------------+-------+-----
Conjurations   | 2 |  2.3
Dodging        | |  2.4
Stealth        | |  2.4
Spellcasting   | |  4.7
Summonings     | |  1.9
Translocations | |  1.8

Action                   || total
-------------------------++-------
 Cast: Magic Dart        ||    66
Armor: Robe              ||     5
Dodge: Dodged            ||     8

Table legend: (Time is in decaauts)
 A = Elapsed time spent in this place.
 B = Non-inter-level travel time spent in this place.
 C = Inter-level travel time spent in this place.
 D = Time resting spent in this place.
 E = Time spent auto-exploring this place.
 F = Levels seen in this place.
 G = Mean time per level.
                   A        B        C        D        E       F      G
               +--------+--------+--------+--------+--------+-----+--------+
         Total |   1641 |   1630 |     11 |     65 |   1408 |   2 |  820.5 |
       Dungeon |   1641 |   1630 |     11 |     65 |   1408 |   2 |  820.5 |
               +--------+--------+--------+--------+--------+-----+--------+

Top non-repeatable levels by time:
     D:1: 1320 daAuts
     D:2: 321 daAuts
